 Dungeon Crawl Stone Soup version 0.27.0-1-g7a089689b8 (webtiles) character file.

Game seed: 1663647856233595476

42 Smaepdii the Ducker (level 3, -5/29 HPs)
             Began as a Djinni Gladiator on Aug 16, 2021.
             Slain by a polar bear (7 damage)
             ... created by the rage of Trog
             ... on level 2 of the Dungeon.
             The game lasted 00:05:00 (1113 turns).

Smaepdii the Ducker (Djinni Gladiator)              Turns: 1113, Time: 00:05:01

Health: -5/29      AC:  7    Str: 13    XL:     3   Next: 77%
Gold:   60         EV: 11    Int: 10    God:
                   SH:  0    Dex: 14

rFire    + + .     SeeInvis .   a - +0 long sword
rCold    x . .     Faith    .   (no shield)
rNeg     . . .     Spirit   .   i - +0 ring mail
rPois    ∞         Reflect  .   c - +0 helmet
rElec    .         Harm     .   j - +0 cloak
rCorr    .         Rampage  .   (no gloves)
Will     .....                  (boots unavailable)
Stlth    +.........             (no amulet)
HPRegen  0.09/turn              (no ring)
MPRegen  0.00/turn              (no ring)

@: flying
A: sickness immunity, fire resistance 2, cold vulnerability 1, float, innate
caster, hp casting, extra vitality 1
a: no special abilities


You were on level 2 of the Dungeon.
You visited 1 branch of the dungeon, and saw 2 of its levels.

You collected 60 gold pieces.

Inventory:

Hand Weapons
 a - a +0 long sword (weapon)
Missiles
 d - 3 throwing nets (quivered)
Armour
 b - a +0 leather armour
 c - a +0 helmet (worn)
 i - a +0 ring mail (worn)
 j - a +0 cloak (worn)
Scrolls
 f - 2 scrolls of amnesia {unknown}
 g - a scroll of magic mapping {unknown}
 k - a scroll of silence {unknown}
 m - a scroll of noise {unknown}
Potions
 e - a potion of flight {unknown}
 h - 2 potions of heal wounds {unknown}
 l - a potion of curing {unknown}


   Skills:
 + Level 2.4 Fighting
 * Level 3.3 Long Blades
 - Level 1.5 Throwing
 + Level 3.7 Dodging
 - Level 0.6 Spellcasting


You had 2 spell levels left.
You knew the following spells:

 Your Spells              Type           Power      Damage    Failure   Level
a - Animate Skeleton      Necr           2%         N/A       52%         1
Your spell library was empty.

Dungeon Overview and Level Annotations

Branches:
Dungeon (2/15)

Altars:
Trog


Innate Abilities, Weirdness & Mutations

You are immune to sickness and miasma.
You are immune to poison.
Your flesh is very heat resistant. (rF++)
You are vulnerable to cold. (rC-)
You float through the air rather than walking.
You learn spells naturally, not from books.
Your magical power is your life essence.
You have superior vitality. (+4 HP)


Message History

The black bear is lightly wounded.
The black bear claws you.
The black bear claws you but does no damage.
You see here 19 bolts.
The black bear rages.
The black bear bites you!
The black bear claws you but does no damage. x2
The black bear barely misses you.
You riposte.
You barely miss the black bear.
The black bear is lightly wounded.
The black bear claws you.
The black bear claws you but does no damage.
The black bear bites you. The black bear claws you.
The black bear claws you but does no damage.
The black bear rages.
The black bear rages.
The black bear rages.
You hear an angry growl.
The polar bear rages.
The polar bear barely misses you.
You riposte.
You hit the polar bear but do no damage.
The polar bear misses you. x2
The black bear rages.
The polar bear bites you!
* * * LOW HITPOINT WARNING * * *
The polar bear closely misses you.
The polar bear claws you but does no damage.
The polar bear closely misses you.
The polar bear claws you but does no damage.
The polar bear barely misses you.
The black bear rages.
You hear an angry growl.
The polar bear closely misses you. x2
The polar bear claws you but does no damage.
The polar bear bites you but does no damage.
The polar bear claws you but does no damage. x2
The polar bear bites you.
* * * LOW HITPOINT WARNING * * *
The polar bear completely misses you. The polar bear barely misses you.
The polar bear bites you!
You die...

# #..#### .# #. # ## ......# ..
##. # ....#####.# .# #.. ##.#
##.. ## ###.# ...# ....
######..h# ####### ###.#####
........## #.....##. .......
#######... #........ #...##
###. ._.....# #@.# #h ......#..
##h#### #. #.#####.# #.hh.##
####. ....###.# ####..###
###.... ..#|.##.#
#######...###.h.###
.###..#.#######....)).......###
.##........##...#######..####
##.......#....### ##..#######
#.............########
#........#


You could see a polar bear (berserk) and 2 black bears.

Vanquished Creatures
  A dart slug (D:1)
  A bat (D:2)
  2 endoplasms (D:2)
  5 giant cockroaches
  6 goblins
  2 hobgoblins
  4 jackals (D:1)
  4 kobolds
  2 quokkas
  A ball python (D:2)
  A frilled lizard (D:1)
  4 rats
33 creatures vanquished.

Notes
Turn   | Place    | Note
-------+----------+-------------------------------------------
     0 | D:1      | Smaepdii the Djinni Gladiator began the quest for the Orb.
     0 | D:1      | Reached XP level 1. HP: 18/18 MP: 0/0
   286 | D:1      | Reached XP level 2. HP: 19/23 MP: 0/0
   615 | D:1      | Reached XP level 3. HP: 26/28 MP: 0/0
   615 | D:1      | Learned a level 1 spell: Animate Skeleton
   829 | D:2      | Found a faded altar of an unknown god.
   833 | D:2      | Became a worshipper of Trog the Wrathful
   833 | D:2      | Reached * piety under Trog
   834 | D:2      | Fell from the grace of Trog
  1089 | D:2      | Noticed a polar bear
  1089 | D:2      | Noticed a black bear
  1089 | D:2      | Noticed a black bear
  1089 | D:2      | Noticed a black bear
  1113 | D:2      | Slain by a polar bear

Illustrated notes

Levels and vault maps discovered:
D:1:      minmay_arrival_nine_rooms, layout_basic,
          chequers_serial_rivers_micro_d
D:2:      layout_rooms, basic_ecumenical_altar, minmay_pentomino_r2,
          uniq_sigmund

Skill      XL: |  1  2 |
---------------+-------+-----
Long Blades    | 3 |  3.3
Fighting       | |  2.4
Throwing       | |  1.5
Dodging        | |  3.7
Spellcasting   | |  0.6

Action                   || total
-------------------------++-------
Melee: Long sword        ||    72
 Cast: Animate Skeleton  ||     1
Invok: Renounce Religion ||     1
Armor: Leather armour    ||    10
       Ring mail         ||    27
Dodge: Dodged            ||    67
       Rpst.: Long sword ||    28
